 Dungeon Crawl Stone Soup version 0.17.1-3-g152610e (webtiles) character file.

64 kaze the Skirmisher (level 3, 0/30 HPs)
             Began as a Demonspawn Abyssal Knight on Apr 1, 2016.
             Was a Believer of Lugonu.
             Slain by Grinder (1 damage)
             ... on level 3 of the Dungeon.
             The game lasted 00:03:50 (1324 turns).

kaze the Skirmisher (Demonspawn Abyssal Knight)     Turns: 1324, Time: 00:03:50

Health: 0/30       AC:  6    Str: 13    XL:     3   Next: 91%
Magic:  5/5        EV:  6    Int: 13    God:    Lugonu [**....]
Gold:   86         SH:  6    Dex: 12    Spells: 0 memorised, 2 levels left

rFire  + . .     SeeInvis .     a - +1 falchion
rCold  . . .     Clarity  .     g - +0 scale mail
rNeg   . . .     SustAt   .     m - +0 shield {rF+}
rPois  .         Gourm    .     (helmet restricted)
rElec  .         Spirit   .     (no cloak)
rCorr  .         Warding  .     (no gloves)
rMut   .         Stasis   .     (no boots)
MR     .....                    (no amulet)
Stlth  +.........               (no ring)
                                (no ring)

@: not resistant to hostile enchantments, very unstealthy
A: antennae 1, nightstalker 1
a: Depart the Abyss, Bend Space, Renounce Religion


You were on level 3 of the Dungeon.
You worshipped Lugonu.
Lugonu was pleased with you.
You were not hungry.

You visited 1 branch of the dungeon, and saw 3 of its levels.
You visited the Abyss 1 time.

You collected 86 gold pieces.

Inventory:

Hand Weapons
 a - a +1 falchion (weapon)
Armour
 b - a +0 leather armour
 g - a +0 scale mail (worn)
 m - a +0 shield of fire resistance (worn)
Scrolls
 i - 2 scrolls of identify
Potions
 e - a potion of agility {unknown}
 f - a potion of flight {unknown}
Comestibles
 c - a bread ration
 d - a beef jerky
 j - a meat ration


   Skills:
 + Level 3.8 Fighting
 + Level 1.9 Long Blades
 + Level 2.2 Armour
 + Level 1.5 Dodging
 + Level 0.4 Stealth
 + Level 0.1 Shields
 + Level 3.1 Invocations


You had 2 spell levels left.
You didn't know any spells.

Dungeon Overview and Level Annotations

Branches:
Dungeon (3/15)

Altars:

Annotations:
D:3 Grinder


Innate Abilities, Weirdness & Mutations

You have a pair of small antennae on your head.
You are slightly more attuned to the shadows.


Message History

h - a bubbling coppery potion Drink which item? (? for menu, Esc to quit)
It was a potion of curing.
You feel better. Grinder barely misses you.
Your shield and scale mail prevent you from hitting Grinder.
Grinder hits you but does no damage.
You closely miss Grinder. Grinder hits you.
You writhe in agony.
* * * LOW HITPOINT WARNING * * *
You hit Grinder.
Grinder is lightly wounded.
Grinder closely misses you. Grinder hits you but does no damage.
You closely miss Grinder.
Grinder is lightly wounded.
Grinder hits you but does no damage.
You hit Grinder.
Grinder is moderately wounded.
Grinder hits you.
* * * LOW HITPOINT WARNING * * *
You writhe in agony.
You die...

.....# #.# #<..#
.....# #.# #.#.#
.#...####.# ..#.#
..........# .### #
.#...###### #.
.#...# # #...#
#...##############
###...........5@.#
#..†...........#
#..............#
#........).....#
#..............#
#..............#
#..............#
#..............#


You could see Grinder.

Vanquished Creatures
  An adder (D:2)
  2 oozes (D:1)
  7 bats
  5 giant cockroaches
  5 hobgoblins
  2 ball pythons (D:2)
  4 goblins
  4 jackals
  11 kobolds
  7 rats
48 creatures vanquished.

Notes
Turn   | Place    | Note
--------------------------------------------------------------
     0 | Abyss:1  | kaze the Demonspawn Abyssal Knight began the quest for the Orb.
     0 | Abyss:1  | Reached XP level 1. HP: 18/18 MP: 2/2
     0 | D:1      | Escaped the Abyss
    56 | D:1      | Reached * piety under Lugonu
    87 | D:1      | Gained mutation: You are slightly more attuned to the shadows. [demonic ancestry]
    87 | D:1      | Reached XP level 2. HP: 12/24 MP: 4/4
   519 | D:1      | Reached skill level 1 in Dodging
   639 | D:2      | Gained mutation: You have a pair of small antennae on your head. [demonic ancestry]
   639 | D:2      | Reached XP level 3. HP: 26/30 MP: 5/5
   835 | D:2      | Reached ** piety under Lugonu
  1276 | D:3      | Noticed Grinder
  1282 | D:3      | Paralysed by Grinder for 6 turns
  1296 | D:3      | Paralysed by Grinder for 4 turns
  1309 | D:3      | Paralysed by Grinder for 3 turns
  1324 | D:3      | HP: 1/30 [Grinder (6)]
  1324 | D:3      | Slain by Grinder

Action                   || total
-------------------------++-------
Melee: Falchion          ||   144
Invok: Depart the Abyss  ||     1
  Use: Scroll            ||     2
       Potion            ||     2
 Stab: Sleeping          ||     1
  Eat: Chunk             ||     2
